 Dungeon Crawl Stone Soup version 0.28.0-45-g0d030f2227 (webtiles) character file.

Game seed: 16359247515404764591

13 CryoSword the Caller (level 2, 0/22 HPs)
             Began as a Ghoul Summoner on Apr 20, 2022.
             Slain by an adder (1 damage)
             ... on level 1 of the Dungeon.
             The game lasted 00:01:29 (1493 turns).

CryoSword the Caller (Ghoul Summoner)               Turns: 1493, Time: 00:01:29

Health: 0/22       AC:  2    Str: 11    XL:     2   Next: 37%
Magic:  0/3        EV: 12    Int: 10    God:
Gold:   50         SH:  0    Dex:  9    Spells: 3/4 levels left

rFire   . . .      SeeInvis .   (no weapon)
rCold   + . .      Faith    .   (no shield)
rNeg    + + +      Spirit   .   a - +0 robe
rPois   ∞          Reflect  .   (no helmet)
rElec   .          Harm     .   (no cloak)
rCorr   .          Rampage  .   (no gloves)
Will    .....                   (no boots)
Stlth   ++........              (no amulet)
HPRegen 0.00/turn               (no ring)
MPRegen 0.08/turn               (no ring)

@: inhibited regen
A: claws 1, cold resistance 1, negative energy resistance 3, inhibited
regeneration, torment resistance 2
a: no special abilities


You were on level 1 of the Dungeon.
You visited 1 branch of the dungeon, and saw 2 of its levels.

You collected 50 gold pieces.

Inventory:

Armour
 a - a +0 robe (worn)
 f - a +0 kite shield
   (You found it on level 1 of the Dungeon)
Scrolls
 c - a scroll of fear {unknown}
 e - a scroll of vulnerability {unknown}
 g - a scroll of summoning {unknown}
Potions
 b - a potion of curing {unknown}
 d - a potion of cancellation {unknown}


   Skills:
 + Level 0.5 Fighting
 + Level 0.0(0.2) Polearms
 - Level 0.5 Staves
 - Level 1.8 Dodging
 + Level 2.3 Stealth
 * Level 0.0 Shields
 + Level 1.9 Spellcasting
 * Level 3.7 Summonings


You had 3 spell levels left.
You knew the following spells:

 Your Spells              Type           Power      Damage    Failure   Level
a - Summon Small Mammal   Summ           32%        N/A       7%          1

Your spell library contained the following spells:

 Spells                   Type           Power      Damage    Failure   Level
 Call Imp                 Summ           8%         N/A       10%         2
 Call Canine Familiar     Summ           8%         N/A       21%         3
 Summon Guardian Golem    Hex/Summ       4%         N/A       41%         3
 Portal Projectile        Hex/Tloc       0%         N/A       67%         3
 Summon Lightning Spire   Summ/Air       4%         N/A       82%         4
 Leda's Liquefaction      Hex/Erth       0%         N/A       97%         4


Dungeon Overview and Level Annotations

Branches:
Dungeon (2/15)

Altars:


Innate Abilities, Weirdness & Mutations

You thrive by killing the living.
You are immune to poison.
You have sharp fingernails.
Your flesh is cold resistant. (rC+)
You are immune to negative energy. (rN+++)
You do not regenerate when monsters are visible.
You are immune to unholy pain and torment.


Message History

You scratch the hobgoblin but do no damage.
The hobgoblin hits you.
You closely miss the hobgoblin.
Your rat closely misses the hobgoblin. x2
The hobgoblin barely misses you.
You scratch the hobgoblin.
Your rat bites the hobgoblin but does no damage.
Your rat closely misses the hobgoblin.
The hobgoblin hits you but does no damage.
You scratch the hobgoblin but do no damage.
Your rat barely misses the hobgoblin.
Your rat misses the hobgoblin. The hobgoblin completely misses you.
You scratch the hobgoblin.
You kill the hobgoblin!
You feel better.
You see here a hobgoblin corpse.
Your rat disappears in a puff of smoke!
Your rat disappears in a puff of smoke!
There is an open door here.
A dart slug comes into view.
A dart slug is nearby!
A dart slug is nearby!
A dart slug is nearby!
You swap places.
Found a faded altar of an unknown god.
Your bat completely misses the dart slug.
The dart slug launches a dart at you. The slug dart hits your bat.
Your bat dies!
Your bat's corpse disappears in a puff of smoke!
Found a robe.
Found a kite shield.
The dart slug launches a dart at you. The slug dart hits you.
You barely miss the dart slug. The dart slug launches a dart at you.
The slug dart hits you.
You scratch the dart slug.
The dart slug bites you but does no damage.
You scratch the dart slug. You scratch the dart slug.
The dart slug barely misses you.
You scratch the dart slug.
You kill the dart slug!
No target in view!
No target in view!
No target in view!
No target in view!
No target in view!
No target in view!
No target in view!
Your bat disappears in a puff of smoke!
Found a dagger.
You see here a +0 kite shield.
f - a +0 kite shield
g - a scroll labelled BOAFA RESTU You see here a +0 dagger.
h - a +0 dagger
Okay, then.
You drop a +0 dagger.
You start putting on your armour.
You continue putting on your +0 kite shield. x4
You finish putting on your +0 kite shield.
You now have 50 gold pieces (gained 14).
Key pressed, stopping explore.
There is an open door here.
There is an open door here.
Key pressed, stopping explore.
There is a stone staircase leading down here.
There is a stone staircase leading down here.
Done exploring.
You start removing your armour.
You continue taking off your +0 kite shield. x4
You finish taking off your +0 kite shield.
Done exploring.
Done exploring.
Done exploring.
Done exploring.
There is a staircase leading out of the dungeon here.
There is a stone staircase leading down here.
You climb downwards.
There is a stone staircase leading up here.
A hobgoblin comes into view.
A hobgoblin is nearby!
A hobgoblin is nearby!
A hobgoblin is nearby!
An adder comes into view.
The hobgoblin shouts!
The adder hisses angrily.
Your bat barely misses the hobgoblin.
The hobgoblin closely misses your bat.
You don't know that spell.
Your bat disappears in a puff of smoke!
Your bat hits the hobgoblin but does no damage.
The hobgoblin hits your bat.
Your bat dies!
Your bat's corpse disappears in a puff of smoke!
The adder barely misses you. The hobgoblin hits you.
You scratch the adder. The adder misses you. x2
The hobgoblin hits you but does no damage.
You scratch the adder. The adder barely misses you.
Your rat bites the hobgoblin.
The hobgoblin closely misses you.
You barely miss the hobgoblin. The adder bites you.
Your rat bites the hobgoblin but does no damage.
The hobgoblin closely misses you.
You don't have enough magic to cast this spell.
Your rat closely misses the hobgoblin.
The hobgoblin barely misses your rat.
Your rat bites the hobgoblin.
The adder bites you. The hobgoblin closely misses your rat.
Your rat barely misses the hobgoblin.
The hobgoblin hits your rat but does no damage.
Your rat bites the hobgoblin but does no damage.
The hobgoblin closely misses your rat.
Your rat bites the hobgoblin.
The hobgoblin dies!
The adder barely misses you.
There is a stone staircase leading up here.
The adder misses you.
You climb upwards.
There is a stone staircase leading down here.
The adder barely misses you. The adder bites you but does no damage.
The adder bites you.
You barely miss the adder. The adder closely misses you.
Your bat barely misses the adder.
You miss the adder. Your bat misses the adder. The adder barely misses you.
Unknown command.
You barely miss the adder. The adder barely misses you.
Your bat barely misses the adder.
The adder closely misses you.
Your bat misses the adder. The adder misses you.
You miss the adder.
Your bat completely misses the adder.
The adder closely misses you.
You scratch the adder. Your bat hits the adder. The adder bites you.
* * * LOW HITPOINT WARNING * * *
Your bat closely misses the adder.
Your rat misses the adder. You miss the adder. Your bat hits the adder.
The adder completely misses you. The adder closely misses you.
Your rat completely misses the adder.
You scratch the adder.
Your bat barely misses the adder.
The adder bites you.
* * * LOW HITPOINT WARNING * * *
Your rat closely misses the adder.
You barely miss the adder. Your claw misses the adder.
Your bat closely misses the adder.
The adder bites you.
* * * LOW HITPOINT WARNING * * *
Your rat completely misses the adder.
You completely miss the adder. Your bat misses the adder.
The adder bites you but does no damage. The adder bites you.
* * * LOW HITPOINT WARNING * * *
Your rat bites the adder.
You miss the adder.
Your bat hits the adder but does no damage.
Your bat misses the adder. The adder barely misses you.
Your rat bites the adder but does no damage.
You completely miss the adder.
Your bat closely misses the adder.
The adder bites you.
You die...

.## #.#...........#.....#
#.#### ..#
#.#...........#.....# #.# ..#
#.#.8..8.8..8.#.....# #.# ..#
#.#...........#.##### #.# ..#
#.#...........#.# #.# .##
#.#...........#.# #.#### .#
#.#...........#.# #..... .#
#.#...........#.# ####.. .#
#.......<..b@S..# #.. .#
#.#..........r#.###########..
.#
#.#...........#..............
.#
#.#...........#>###########..
.# #.#...........#.# #.. .#
#.#...........#.# #.. .##
#.#.8..8.8..8.#.# #..
..###.#...........#.# #..
..'.#.#...........#.# #..


You could see an adder (ally target), a friendly bat (summoned) and a friendly
rat (summoned).

Vanquished Creatures
  A dart slug (D:1)
  2 hobgoblins (D:1)
  A bat (D:1)
  A frilled lizard (D:1)
5 creatures vanquished.

Vanquished Creatures (collateral kills)
  A ball python (D:1)
  2 bats (D:1)
  An endoplasm (D:1)
  A hobgoblin (D:2)
5 creatures vanquished.

Grand Total: 10 creatures vanquished

Notes
Turn   | Place    | Note
-------+----------+-------------------------------------------
     0 | D:1      | CryoSword the Ghoul Summoner began the quest for the Orb.
     0 | D:1      | Reached XP level 1. HP: 14/14 MP: 2/2
   500 | D:1      | Reached XP level 2. HP: 14/22 MP: 0/3
   968 | D:1      | Found a faded altar of an unknown god.
  1491 | D:1      | HP: 1/22 [adder (2)]
  1493 | D:1      | Slain by an adder

Illustrated notes

Levels and vault maps discovered:
D:1:      giann_forest_graveyard, layout_basic,
          hellmonk_ecumenical_altar_run_dry
D:2:      layout_loops_ring, st_stairs_9, solitary_fountain,
          nicolae_underground_beach

Action                   || total
-------------------------++-------
Melee: Unarmed           ||    43
 Cast: Summon Small Mamm ||    25
 Stab: Sleeping          ||     1
Armor: Robe              ||    15
Dodge: Dodged            ||    46
